 Dungeon Crawl Stone Soup version 0.15-a0-1646-g393eda0 (webtiles) character file.

99 Nikss the Firebug (level 4, -6/31 HPs)
             Began as a Demonspawn Fire Elementalist on June 22, 2014.
             Killed by divine providence
             ... invoked by an orc priest
              (11 damage)
             ... on Level 4 of the Dungeon.
             The game lasted 00:55:58 (4204 turns).

Nikss the Firebug (Demonspawn Fire Elementalist)    Turns: 4204, Time: 00:56:03

HP  -6/31        AC  6     Str  8      XL: 4   Next: 45%
MP   8/8         EV  8     Int 18      God:
Gold 106         SH  3     Dex 13      Spells:  1 memorised,  7 levels left

rFire  . . .     SeeInvis .     k - +2 hand axe
rCold  . . .     Clarity  .     e - +0 ring mail
rNeg   . . .     rCorr    .     r - +0 buckler
rPois  .         rRot     .     (no helmet)
rElec  .         Spirit   .     (no cloak)
SustAb .         Warding  .     d - +0 pair of gloves
rMut   .         Stasis   .     (no boots)
Gourm  .                        (no amulet)
MR     .....                    (no ring)
                                (no ring)

@: not resistant to hostile enchantments, very unstealthy
A: claws 1
a: no special abilities


You were on level 4 of the Dungeon.
You were not hungry.

You visited 1 branch of the dungeon, and saw 4 of its levels.

You collected 106 gold pieces.

Inventory:

Hand weapons
 c - a +0 club
 g - a +0 dagger
 k - a +2 hand axe (weapon)
 l - a +0 dagger
 q - a +0 club
 x - a +0 quarterstaff
 z - a +0 dagger
 B - a +0 short sword
 D - a +0 club
 F - a +0 club
 G - a cursed +0 club
 H - a +0 club
 J - a +0 flail
 L - a +0 dagger
 N - a +0 short sword
 O - a +0 dagger
 P - a +0 blowgun
 S - a +0 war axe
 T - a +2 short sword
 U - a +0 club
 V - a +0 dagger
Missiles
 p - 62 arrows
 s - 95 stones (quivered)
 u - 20 exploding sling bullets
 y - 25 bolts
 Q - 17 poisoned needles
Armour
 a - a +0 robe
 d - a +0 pair of gloves (worn)
 e - a +0 ring mail (worn)
 i - a +0 leather armour
 m - a +0 leather armour
 o - a +2 pair of gloves
 r - a +0 buckler (worn)
 C - a +0 pair of gloves
 K - a +0 ring mail
 R - a +0 scale mail
Comestibles
 v - 3 bread rations
 M - a meat ration
 Z - 3 fruits
Scrolls
 f - 3 scrolls of remove curse {unknown}
 h - 4 scrolls of fear {unknown}
 j - 2 scrolls of noise {unknown}
 n - 2 scrolls of identify {unknown}
 t - 2 scrolls of fog {unknown}
 A - a scroll of amnesia {unknown}
 W - a scroll of enchant weapon {unknown}
 X - a scroll of teleportation {unknown}
 Y - a scroll of recharging {unknown}
Potions
 w - a potion of agility {unknown}
 E - a potion of confusion {unknown}
 I - a potion of curing {unknown}
Books
 b - a book of Flames

   Spells                             Type                      Level
   *Flame Tongue                      Conjuration/Fire             1
   Throw Flame                        Conjuration/Fire             2
   Conjure Flame                      Conjuration/Fire             3
   Inner Flame                        Hexes/Fire                   3
   Sticky Flame                       Conjuration/Fire             4
   Fireball                           Conjuration/Fire             5


   Skills:
 + Level 0.4 Fighting
 + Level 0.1 Short Blades
 + Level 1.0 Armour
 + Level 2.6 Dodging
 + Level 2.0 Stealth
 + Level 0.3 Shields
 + Level 2.5 Spellcasting
 + Level 1.5 Conjurations
 + Level 3.2 Fire Magic


You had 7 spell levels left.
You knew the following spells:

 Your Spells              Type           Power        Failure   Level  Hunger
a - Flame Tongue          Conj/Fire      ##...        38%         1    #......


Dungeon Overview and Level Annotations

Branches:
Dungeon (4/15)
 Temple: D:4-7

Altars:
Qazlal
Trog

Portals:
Ossuary: D:4


Innate Abilities, Weirdness & Mutations

You have sharp fingernails.


Message History

There is a bloodstained altar of Trog here.
There is a bloodstained altar of Trog here.
There is a bloodstained altar of Trog here.
Press: ? - help, v - describe, . - travel A bloodstained altar of Trog.
That item cannot be evoked!
You hear the hiss of an avalanche of sand, a long way away.
Found a silvery potion.
A bat comes into view.
An orc priest comes into view. It is wielding a hand axe.
The orc priest shouts!
The orc priest's eyes start to glow.
You slash the bat!
You kill the bat!
The orc priest invokes the aid of Beogh against you.
Something smites you!
* * * LOW HITPOINT WARNING * * *
The orc priest calls down the wrath of Beogh upon you.
Something smites you!
You die...

####### #.....#
#.....#####.#
#.....@%....#
#.....###..!..o
#.....# #.####
###.### #.# # #.##
#.#####.# #..#
#.......# ##.#
#..###### .
#.####..#######.##
#.#..............#


You could see an orc priest.

Vanquished Creatures
  2 adders (D:2)
  2 worms
  An ooze (D:3)
  2 giant geckos (D:2)
  3 orcs
  4 bats
  6 giant cockroaches
  9 goblins
  9 hobgoblins
  3 kobolds
  3 ball pythons
  9 giant newts
  4 jackals (D:1)
  A quokka (D:3)
  7 rats
65 creatures vanquished.

Notes
Turn   | Place    | Note
--------------------------------------------------------------
     0 | D:1      | Nikss, the Demonspawn Fire Elementalist, began the quest for the Orb.
     0 | D:1      | Reached XP level 1. HP: 13/13 MP: 3/3
   442 | D:1      | Gained mutation: You have sharp fingernails. [demonic ancestry]
   442 | D:1      | Reached XP level 2. HP: 14/19 MP: 0/4
   673 | D:1      | Reached skill level 3 in Fire Magic
  1377 | D:2      | Reached XP level 3. HP: 24/24 MP: 0/6
  2158 | D:2      | Found a stormy altar of Qazlal.
  3045 | D:3      | Reached skill level 1 in Armour
  3290 | D:3      | Reached XP level 4. HP: 31/31 MP: 4/7
  3896 | D:4      | Found a sand-covered staircase.
  4152 | D:4      | Found a bloodstained altar of Trog.
  4204 | D:4      | Killed from afar by an orc priest

Action                   |  1- 3 |  4- 6 || total
-------------------------+-------+-------++-------
Melee: Dagger            |    54 |       ||    54
       Hand axe          |    21 |    20 ||    41
 Cast: Flame Tongue      |    62 |    25 ||    87
